 Dungeon Crawl Stone Soup version 0.31-a0-564-g3b7de120b3 (webtiles) character file.

Game seed: 6481657378523385610

169 ytrimaz the Insei (level 5, -1/37 HPs)
             Began as a Demonspawn Shapeshifter on Aug 18, 2023.
             Slain by a centaur (3 damage)
             ... on level 3 of the Dungeon.
             The game lasted 00:01:38 (1904 turns).

ytrimaz the Insei (Demonspawn Shapeshifter)         Turns: 1904, Time: 00:01:39

Health: -1/37      AC:  2    Str: 15    XL:     5   Next: 25%
Magic:  5/5        EV: 12    Int:  9    God:
Gold:   73         SH:  4    Dex: 16    Spells: 4/4 levels left

rFire   . .          .
                       - Unarmed
rCold   . . .        (no shield)
rNeg    . . .        a - +0 animal skin
rPois   .            (helmet currently unavailable)
rElec   .            (cloak currently unavailable)
rCorr   .            (gloves currently unavailable)
SInv    .            (boots currently unavailable)
Will    .....        (no amulet)
Stlth   +            (no ring)
HPRegen 0.26/turn    (no ring)
MPRegen 0.09/turn

%: no passive effects
@: beast-form
A: beast (slay +2), antennae 1, large bone plates 1, powered by death 1
a: Begin Untransformation


You were on level 3 of the Dungeon.
You were a hulking beast.
You visited 1 branch of the dungeon, and saw 3 of its levels.

You collected 73 gold pieces.


Innate Abilities, Weirdness & Mutations

You are a hulking beast.
Your limbs bulge with bestial killing power. (Slay +2)
You have a pair of small antennae on your head.
You are partially covered in large bone plates. (SH +4)
You regenerate a little health from kills.


   Skills:
 - Level 1.0 Fighting
 - Level 1.7 Dodging
 + Level 4.3 Unarmed Combat
 + Level 3.9 Shapeshifting


You had 4 spell levels left.
You didn't know any spells.
Your spell library contained the following spells:

 Spells                   Type           Power      Damage    Failure   Level
 Apportation              Tloc           0%         N/A       38%         1
 Magic Dart               Conj           0%         1d3       38%         1
 Necrotise                Necr           0%         1d4       38%         1
 Summon Small Mammal      Summ           0%         N/A       38%         1
 Searing Ray              Conj           0%         2d4       52%         2
 Fulminant Prism          Conj/Hex       0%         3d5       99%         4

Inventory:

Armour
 a - a +0 animal skin (worn)
Talismans
 c - a beast talisman (active)
 d - a flux talisman
Scrolls
 e - a scroll of blinking {unknown}
 f - a scroll of poison {unknown}
 h - a scroll of fog {unknown}
 i - a scroll of noise {unknown}

Dungeon Overview and Level Annotations

Branches:
Dungeon (3/15) Zot: 16098

Altars:

#### ##### #... #...#
#...# #...# #....## #...#
#.#..######...######
#.##................
######.lh....###.....#...
.......c####..##...#.....
#######?# ##.##...###...
#g# #..##.#####.# ...
##........... #.c
##.......... #.##
............ #.#
###.......... #.#
#..........


You could see a centaur (inner flame), a hobgoblin (inner flame) and a frilled
lizard (inner flame).


Message History

You feel less wooden.
Your +0 animal skin unmelds from your body.
You turn into a hulking beast. 😱 HP[+5]
You now have 37 max hp (-18).
You regained 5 hp, and now have 9/37 hp.
Key pressed, stopping explore.
Unknown command.
Key pressed, stopping explore.
Found an escape hatch in the ceiling. 😎 HP[+28]
Your hp is fully restored (37).
There is an escape hatch in the ceiling here.
There is an open door here.
There is an open door here.
Key pressed, stopping explore.
Things that are here:
a stone; a +0 short sword You see here the felid corpse of Natasha.
You see here a +0 dagger.
Key pressed, stopping explore.
You see here a +0 club.
Key pressed, stopping explore.
Done exploring.
Done exploring.
Done exploring.
Done exploring.
Done exploring.
Done exploring.
You see here a +0 club.
There is an escape hatch in the floor here.
You slide downwards.
The hatch slams shut behind you.
Unknown command.
Key pressed, stopping explore.
A ball python comes into view.
A ball python is nearby!
A ball python is nearby!
You hit the ball python.
You kill the ball python!
Unknown command.
No target in view!
Key pressed, stopping explore.
A centaur and a frilled lizard come into view.
The centaur shouts!
The centaur moves out of view.
A frilled lizard is nearby!
A frilled lizard is nearby!
The frilled lizard hisses angrily.
The centaur wields a +0 orcbow.
The centaur shoots an arrow.
The arrow hits you.
The centaur shoots an arrow.
The arrow hits you!
* * * LOW HITPOINT WARNING * * *
There are monsters nearby! 😨 HP[-22]
You take 22 damage, and now have 15/37 hp.
MASSIVE DAMAGE!! (PAUSE) Unknown command. 😨 HP[+1]
You start resting.
A centaur is nearby!
The centaur unwields a +0 orcbow.
The centaur misses you.
The centaur kicks you but does no damage.
The centaur hits you.
* * * LOW HITPOINT WARNING * * *
You block the centaur's attack. 😨 HP[-6]
You take 6 damage, and now have 10/37 hp.
You hit the centaur but do no damage. You block the centaur's attack.
The centaur closely misses you. 😨 HP[+1]
You barely miss the centaur. You punch the centaur. The centaur hits you.
* * * LOW HITPOINT WARNING * * *
The centaur kicks you.
* * * LOW HITPOINT WARNING * * *
Unknown command. 😱 HP[-3]
You take 3 damage, and now have 8/37 hp.
You barely miss the centaur. The centaur hits you.
* * * LOW HITPOINT WARNING * * *
You block the centaur's attack.
A hobgoblin comes into view.
The frilled lizard bites you.
* * * LOW HITPOINT WARNING * * *
The centaur hits you but does no damage.
The centaur barely misses you. 😱 HP[-4]
You take 4 damage, and now have 4/37 hp.
The hobgoblin shouts!
You punch the centaur! The frilled lizard bites you.
* * * LOW HITPOINT WARNING * * *
You block the centaur's attack.
The centaur closely misses you. 😱 HP[-2]
You take 2 damage, and now have 2/37 hp.
Unknown command.
You aren't carrying any potions.
Unknown command.
You aren't carrying any potions.
As you read the scroll labelled UXTAICW MUPARCH, it crumbles to dust.
The creatures around you are filled with an inner flame!
It was a scroll of immolation.
The centaur hits you.
You die...

Skill      XL: |  1  2  3  4 |
---------------+-------------+-----
Unarmed Combat | 3 4 |  4.3
Shapeshifting  | 3 |  3.9
Fighting       | |  1.0
Dodging        | |  1.7

Action                     |  1- 3 |  4- 6 || total
---------------------------+-------+-------++-------
  Melee: Unarmed           |    50 |   103 ||   153
         Punch             |     1 |     6 ||     7
    Use: Potion            |       |     2 ||     2
         Scroll            |       |     1 ||     1
   Stab: Sleeping          |     1 |     1 ||     2
 Armour: Animal skin       |     7 |    17 ||    24
         Skin              |       |     9 ||     9
  Dodge: Dodged            |    39 |    61 ||   100
  Block: Other             |     2 |    20 ||    22

Levels and vault maps discovered:
D:1:      wander_arrival_desolate, layout_loops_ring,
          ebering_ecumenical_altar_petrified
D:2:      layout_basic, uniq_natasha, uniq_terence
D:3:      minmay_chambers_of_threes, layout_rooms, mainiacjoe_overflow_boulevard

Notes
Turn   | Place    | Note
-------+----------+-------------------------------------------
     0 | D:1      | ytrimaz the Demonspawn Shapeshifter began the quest for the
                  | Orb.
     0 | D:1      | Reached XP level 1. HP: 15/15 MP: 1/1
     0 | D:1      | magus.rc [v1.9.6]
    14 | D:1      | You pick up a book of Conjurations and begin reading...
    14 | D:1      | You add the spells Magic Dart, Searing Ray and Fulminant
                  | Prism to your library.
   162 | D:1      | Reached skill level 3 in Unarmed Combat
   162 | D:1      | Gained mutation: You have a pair of small antennae on your
                  | head. [demonic ancestry]
   162 | D:1      | Reached XP level 2. HP: 9/21 MP: 2/2
   253 | D:1      | You fall into a shaft and drop 1 floor!
   280 | D:2      | Reached skill level 3 in Shapeshifting
   300 | D:2      | You pick up a book of Cantrips and begin reading...
   300 | D:2      | You add the spells Necrotise, Summon Small Mammal and
                  | Apportation to your library.
   308 | D:2      | Noticed Natasha
   319 | D:2      | Killed Natasha
   320 | D:2      | Gained mutation: You are partially covered in large bone
                  | plates. (SH +4) [demonic ancestry]
   320 | D:2      | Reached XP level 3. HP: 9/26 MP: 3/3
   481 | D:2      | Noticed Terence
   488 | D:2      | Killed Terence
   706 | D:1      | Found a faded altar of an unknown god.
   712 | D:1      | Reached XP level 4. HP: 31/32 MP: 4/4
  1291 | D:2      | Noticed Natasha
  1323 | D:2      | Killed Natasha
  1324 | D:2      | Reached skill level 4 in Unarmed Combat
  1433 | D:2      | Gained mutation: You regenerate a little health from kills.
                  | [demonic ancestry]
  1433 | D:2      | Reached XP level 5. HP: 35/37 MP: 5/5
  1549 | D:2      | Noticed Natasha
  1570 | D:2      | HP: 7/37 [Natasha (8)]
  1573 | D:2      | HP: 3/55 [Natasha (4)]
  1574 | D:2      | Killed Natasha
  1894 | D:3      | Noticed a centaur
  1901 | D:3      | HP: 9/37 [centaur (2)]
  1902 | D:3      | HP: 4/37 [frilled lizard (1)]
  1904 | D:3      | Slain by a centaur

Vanquished Creatures
  Terence (D:2)
  Natasha (thrice) (D:2)
  2 adders (D:2)
  A worm (D:2)
  2 dart slugs
  6 ball pythons
  4 endoplasms
  A giant cockroach (D:1)
  3 hobgoblins
  8 jackals (D:1)
  3 kobolds
  2 quokkas (D:1)
  3 bats (D:1)
  3 goblins
  3 rats
45 creatures vanquished.

Vanquished Creatures (others)
  A goblin (D:2)
1 creature vanquished.

Grand Total: 46 creatures vanquished

Table legend:
 A = Non-vault XP
 B = Vault XP
 C = Vault XP percentage of total XP
 D = Non-vault monster count
 E = Vault monster count
 F = Vault count percentage of total count
                 A         B        C        D         E       F
            +---------+---------+-------+---------+---------+-------
      Total |     171 |      71 |  29.3 |      44 |       2 |   4.3
            +---------+---------+-------+---------+---------+-------
        D:1 |      49 |       0 |   0.0 |      27 |       0 |   0.0
        D:2 |     120 |      71 |  37.2 |      16 |       2 |  11.1
        D:3 |       2 |       0 |   0.0 |       1 |       0 |   0.0
            +---------+---------+-------+---------+---------+-------

Skill      XL: |  1  2  3  4 |
---------------+-------------+-----
Unarmed Combat | 3 4 |  4.3
Shapeshifting  | 3 |  3.9
Fighting       | |  1.0
Dodging        | |  1.7

Action                     |  1- 3 |  4- 6 || total
---------------------------+-------+-------++-------
  Melee: Unarmed           |    50 |   103 ||   153
         Punch             |     1 |     6 ||     7
    Use: Potion            |       |     2 ||     2
         Scroll            |       |     1 ||     1
   Stab: Sleeping          |     1 |     1 ||     2
 Armour: Animal skin       |     7 |    17 ||    24
         Skin              |       |     9 ||     9
  Dodge: Dodged            |    39 |    61 ||   100
  Block: Other             |     2 |    20 ||    22

Illustrated notes

Table legend:
 A = Kills in this place as a percentage of kills in the entire game.
 B = Kills by you in this place as a percentage of kills by you in the entire game.
 C = Kills by friends in this place as a percentage of kills by friends in the entire game.
 D = Other kills in this place as a percentage of other kills in the entire game.
 E = Experience gained in this place as a percentage of experience gained in the entire game.
 F = Experience gained in this place divided by the number of levels of this place that you have seen.
                   A       B       C       D       E      F
               +-------+-------+-------+-------+-------+----------------------
         Total | 100.0 | 100.0 |   N/A | 100.0 | 100.0 |  80.7
       Dungeon | 100.0 | 100.0 |   N/A | 100.0 | 100.0 |  80.7
               +-------+-------+-------+-------+-------+----------------------

Table legend: (Time is in decaauts)
 A = Elapsed time spent in this place.
 B = Non-inter-level travel time spent in this place.
 C = Inter-level travel time spent in this place.
 D = Time resting spent in this place.
 E = Time spent auto-exploring this place.
 F = Levels seen in this place.
 G = Mean time per level.
                   A        B        C        D        E       F      G
               +--------+--------+--------+--------+--------+-----+--------+
         Total |   1900 |   1817 |     83 |      2 |   1475 |   3 |  633.3 |
       Dungeon |   1900 |   1817 |     83 |      2 |   1475 |   3 |  633.3 |
               +--------+--------+--------+--------+--------+-----+--------+

Top non-repeatable levels by time:
     D:2: 978 daAuts
     D:1: 828 daAuts
     D:3: 93 daAuts
